 Dungeon Crawl Stone Soup version 0.23.2-30-g0e89c35649 (webtiles) character file.

Game seed: 18095066830952681940

6344 Jukra the Basher (level 10, -6/86 HPs)
             Began as a Minotaur Berserker on May 29, 2019.
             Was an Elder of Trog.
             Mangled by an orc warrior
             ... wielding a +0 halberd
              (14 damage)
             ... on level 9 of the Dungeon on June 18, 2019.
             The game lasted 00:38:13 (6618 turns).

Jukra the Basher (Minotaur Berserker)               Turns: 6618, Time: 00:38:15

Health: -6/86      AC: 15    Str: 30    XL:     10   Next: 64%
Magic:  9/9        EV:  6    Int:  4    God:    Trog [****..]
Gold:   233        SH: 18    Dex: 12    Spells: 9/9 levels left

rFire    + . .     SeeInvis .   K - +3 flail of Past Mistakes {crush, Stlth+}
rCold    . . .     Gourm    .   k - +0 large shield
rNeg     + . .     Faith    .   C - +0 plate armour
rPois    +         Spirit   .   (helmet restricted)
rElec    .         Reflect  .   (no cloak)
rCorr    .         Harm     .   (no gloves)
MR       .....                  z - +0 pair of boots
Stlth    ..........             (no amulet)
HPRegen  0.24/turn              f - ring of positive energy
MPRegen  0.11/turn              A - ring of poison resistance

@: mighty, berserk cooldown, slowed, very slow
A: retaliatory headbutt, horns 2, agile 1, fire resistance 1
a: Berserk, Trog's Hand, Brothers in Arms, Renounce Religion


You were on level 9 of the Dungeon.
You worshipped Trog.
Trog was greatly pleased with you.
You were near starving.

You visited 2 branches of the dungeon, and saw 10 of its levels.

You collected 454 gold pieces.
You spent 221 gold pieces at shops.

Inventory:

Hand Weapons
 a - a +0 mace
 B - a +1 mace of holy wrath
 I - the +2 rapier "Goblinbane" {holy, -Tele rN++ Str+4 Dex+3}
   (You found it on level 8 of the Dungeon)

   It has been blessed by the Shining One to cause great damage to the undead
   and demons.
   It affects your strength (+4).
   It affects your dexterity (+3).
   It greatly protects you from negative energy.
   It prevents most forms of teleportation.
 K - the +3 flail of Past Mistakes (weapon) {crush, Stlth+}
   (You bought it in a shop on level 8 of the Dungeon)

   It inflicts extra damage upon your enemies.
   It makes you more stealthy.
 O - a +1 hunting sling of freezing
Missiles
 o - 2 javelins of returning (quivered)
Armour
 g - a +1 chain mail
 k - a +0 large shield (worn)
 z - a +0 pair of boots (worn)
 C - a +0 plate armour (worn)
Magical Staves
 E - an uncursed staff of poison
Jewellery
 f - a ring of positive energy (left hand)
 h - an uncursed ring of magical power
 i - an uncursed ring of ice
 t - a +5 ring of intelligence
 v - a cursed amulet of the acrobat
 A - a ring of poison resistance (right hand)
Wands
 n - a wand of acid (7)
 w - a wand of random effects (15)
 x - a wand of disintegration (5)
 D - a wand of enslavement (13)
 H - a wand of iceblast (23)
 J - a wand of digging (2)
 N - a wand of paralysis (7)
Scrolls
 b - 2 scrolls of blinking {unknown}
 d - 5 scrolls of identify
 e - a scroll of magic mapping {unknown}
 j - 7 scrolls of teleportation
 p - 3 scrolls of enchant armour
 y - 3 scrolls of remove curse
 L - a scroll of immolation {unknown}
Potions
 l - 3 potions of resistance
 m - a potion of agility
 r - 3 potions of flight
 s - 2 potions of ambrosia {unknown}
 u - a potion of cancellation {unknown}
 F - a potion of berserk rage {unknown}
 G - a potion of curing {unknown}
Comestibles
 c - 18 rations


   Skills:
 + Level 7.5 Fighting
 * Level 5.2 Short Blades
 - Level 10.3 Maces & Flails
 + Level 4.4 Throwing
 + Level 9.4 Armour
 + Level 3.6 Dodging
 + Level 9.0 Shields


You had 9 spell levels left.
You didn't know any spells.
Your spell library contained the following spells:

 Spells                   Type           Power        Failure   Level  Hunger
 Corona                   Hex            #......      100%        1    ##.....
 Magic Dart               Conj           #...         100%        1    ##.....
 Blink                    Tloc           N/A          100%        2    ###....
 Call Imp                 Summ           #.......     100%        2    ###....
 Ensorcelled Hibernation  Hex/Ice        #.....       100%        2    ###....
 Slow                     Hex            #.......     100%        2    ###....
 Confuse                  Hex            #.......     100%        3    ####...
 Conjure Flame            Conj/Fire      #.......     100%        3    ####...
 Dazzling Spray           Conj/Hex       #.....       100%        3    ####...
 Mephitic Cloud           Conj/Pois/Air  #.......     100%        3    ####...
 Tukima's Dance           Hex            #.......     100%        3    ####...


Dungeon Overview and Level Annotations

Branches:
Dungeon (9/15)             Temple (1/1) D:5            Lair (0/6) D:8
    Orc (0/2) D:9

Altars:
Ashenzari
Cheibriados
Dithmenos
Elyvilon
Fedhas
Gozag
Hepliaklqana
Kikubaaqudgha
Makhleb
Nemelex Xobeh
Okawaru
Qazlal
Ru
Sif Muna
Trog
Uskayaw
Vehumet
Wu Jian
Xom
Yredelemnul
Zin
The Shining One

Shops:
D:8 %*(


Innate Abilities, Weirdness & Mutations

You reflexively headbutt those who attack you in melee.
You have a pair of horns on your head.
You are agile. (Dex +2)
Your flesh is heat resistant. (rF+)


Message History

The gnoll sergeant hits you from afar with a +1 spear of freezing.
* * * LOW HITPOINT WARNING * * *
The gnoll sergeant freezes you.
* * * LOW HITPOINT WARNING * * *
You block the orc warrior's attack.
The gnoll sergeant hits you from afar with a +1 spear of freezing.
* * * LOW HITPOINT WARNING * * *
The gnoll sergeant freezes you.
* * * LOW HITPOINT WARNING * * *
The orc warrior hits you with a +0 halberd!
* * * LOW HITPOINT WARNING * * *
You block the gnoll sergeant's attack. You block the orc warrior's attack.
Items here: ( ))) [ ††† You closely miss the orc warrior.
You headbutt the orc warrior.
The orc warrior is lightly wounded.
Your skin stops crawling.
You feel less resistant to hostile enchantments.
You block the gnoll sergeant's attack.
The orc warrior hits you with a +0 halberd!
You die...

#################
.................
.#(...........#######.#
.#..##........()@o....#
..............###g###...
...#####......#8.oO8#######
####...########oOog.#.....#
...#.........##ogK..#.....#
...'.........'#.g...#..)..#..#.#
...#.........##8...8#.....#....#
..##...##############.....#....#
..##...#......#...........#....#


You could see 2 orc warriors, a big kobold, an ogre, a gnoll sergeant, a gnoll
and an orc.

Vanquished Creatures
  A death yak (D:8)
  Maurice (D:9)
  Grinder (D:6)
  A hippogriff (D:7)
  The ghost of TheAraber the Twirler, an amateur MiGl (D:3)
  Menkaure (D:4)
  3 sky beasts
  7 orc warriors
  An ice beast (D:8)
  A phantom (D:7)
  4 ogres
  4 centaurs
  3 big kobolds
  A gnoll sergeant (D:9)
  2 bullfrogs
  A scorpion (D:7)
  3 howler monkeys
  3 wights (D:7)
  2 crimson imps
  A bullfrog skeleton (D:6)
  2 jellies
  5 hounds
  4 orc priests
  An iguana (D:8)
  Ijyb (D:3)
  A hell rat (D:8)
  15 orc wizards
  3 worker ants
  A hound zombie (D:6)
  5 hound skeletons
  A river rat (D:6)
  16 adders
  A shadow imp (D:7)
  2 oozes
  An adder skeleton (D:5)
  An adder zombie (D:5)
  3 worms
  2 dart slugs
  2 leopard geckos
  31 orcs
  8 giant cockroaches
  8 goblins
  9 hobgoblins
  6 jackals
  3 quokkas
  2 ball pythons
  4 bats
  5 frilled lizards
  12 kobolds
  2 quokka skeletons (D:4)
  11 rats
  2 butterflies (D:5)
212 creatures vanquished.

Vanquished Creatures (collateral kills)
  2 death yaks (D:8)
  3 porcupines (D:8)
  An iguana (D:8)
  2 hell rats (D:8)
  A river rat (D:8)
  A rat (D:8)
10 creatures vanquished.

Vanquished Creatures (others)
  An orc wizard (D:6)
1 creature vanquished.

Grand Total: 223 creatures vanquished

Notes
Turn   | Place    | Note
-------+----------+-------------------------------------------
     0 | D:1      | Jukra the Minotaur Berserker began the quest for the Orb.
     0 | D:1      | Reached XP level 1. HP: 19/19 MP: 0/0
   107 | D:1      | Reached XP level 2. HP: 20/27 MP: 1/1
   254 | D:1      | Reached skill level 4 in Maces & Flails
   600 | D:2      | Reached XP level 3. HP: 33/33 MP: 2/2
   656 | D:2      | Reached ** piety under Trog
  1118 | D:2      | Reached XP level 4. HP: 41/41 MP: 3/3
  1437 | D:3      | Reached skill level 5 in Maces & Flails
  1476 | D:3      | Reached skill level 5 in Fighting
  1489 | D:3      | Reached XP level 5. HP: 43/48 MP: 4/4
  1574 | D:3      | Found a large runed translucent door.
  1574 | D:3      | Found a large runed translucent door.
  1576 | D:3      | Noticed TheAraber's ghost (amateur MiGl)
  1604 | D:3      | HP: 2/48 [TheAraber's ghost (9)]
  1605 | D:3      | Killed TheAraber's ghost
  1605 | D:3      | Reached skill level 1 in Throwing
  1605 | D:3      | Reached XP level 6. HP: 3/56 MP: 5/5
  2068 | D:3      | Reached skill level 6 in Maces & Flails
  2131 | D:3      | Found an iron altar of Okawaru.
  2141 | D:3      | Noticed Ijyb
  2148 | D:3      | Killed Ijyb
  2399 | D:4      | Noticed Menkaure
  2411 | D:4      | Killed Menkaure
  2411 | D:4      | Reached XP level 7. HP: 23/61 MP: 6/6
  2479 | D:4      | Reached skill level 5 in Armour
  2490 | D:4      | Reached *** piety under Trog
  2516 | D:4      | Gained mutation: You are agile. (Dex +2) [potion of
                  | mutation]
  2516 | D:4      | Gained mutation: Your flesh is heat resistant. (rF+)
                  | [potion of mutation]
  2841 | D:5      | Entered Level 5 of the Dungeon
  2856 | D:5      | Reached skill level 7 in Maces & Flails
  2884 | D:5      | Upgraded the game from 0.23.2-1-ga50397a6bc to
                  | 0.23.2-30-g0e89c35649
  2972 | D:5      | Found a staircase to the Ecumenical Temple.
  3077 | Temple   | Entered the Ecumenical Temple
  3229 | D:5      | Reached XP level 8. HP: 54/70 MP: 7/7
  3266 | D:5      | Found a bloodstained altar of Trog.
  3639 | D:6      | Found a bloodstained altar of Trog.
  3663 | D:6      | Reached skill level 8 in Maces & Flails
  3663 | D:6      | Reached skill level 1 in Shields
  3670 | D:6      | Received a gift from Trog
  3829 | D:6      | Noticed Grinder
  3846 | D:6      | Killed Grinder
  4187 | D:6      | Reached skill level 9 in Maces & Flails
  4250 | D:6      | Found a deep blue altar of Sif Muna.
  4275 | D:6      | Reached XP level 9. HP: 61/78 MP: 8/8
  4389 | D:6      | Reached **** piety under Trog
  4856 | D:7      | Reached skill level 5 in Shields
  5162 | D:7      | Reached skill level 10 in Maces & Flails
  5611 | D:8      | Found Doseitea's Food Emporium.
  5625 | D:8      | Found Wagynat's General Store.
  5806 | D:8      | Got a crude rapier
  5807 | D:8      | Identified the +2 rapier "Goblinbane" {holy, -Tele rN++
                  | Str+4 Dex+3} (You found it on level 8 of the Dungeon)
  5868 | D:8      | Noticed a death yak
  5868 | D:8      | Noticed a death yak
  5869 | D:8      | Found a staircase to the Lair.
  5870 | D:8      | Noticed a death yak
  5885 | D:8      | Killed a death yak
  5885 | D:8      | Reached XP level 10. HP: 59/86 MP: 9/9
  5902 | D:8      | Killed a death yak
  5905 | D:8      | Killed a death yak
  5980 | D:8      | Found Toetic's Antique Weapon Shoppe.
  5989 | D:8      | Bought an encrusted flail for 221 gold pieces
  5989 | D:8      | Identified the +3 flail of Past Mistakes {crush, Stlth+}
                  | (You bought it in a shop on level 8 of the Dungeon)
  6287 | D:9      | Noticed Maurice
  6317 | D:9      | Killed Maurice
  6572 | D:9      | Found a staircase to the Orcish Mines.
  6600 | D:9      | Reached skill level 5 in Short Blades
  6618 | D:9      | Mangled by an orc warrior

Skill      XL: |  1  2  3  4  5  6  7  8  9 10 |
---------------+-------------------------------+-----
Fighting       | 4 5 6 7 |  7.5
Maces & Flails | 4 5 6 7 9 10 | 10.3
Armour         | 3 4 6 7 8 9 |  9.4
Throwing       | 1 2 3 4 |  4.4
Dodging        | 3 |  3.6
Shields        | 3 7 9 |  9.0
Short Blades   | 2 5 |  5.2

Action                   |  1- 3 |  4- 6 |  7- 9 | 10-12 || total
-------------------------+-------+-------+-------+-------++-------
Melee: Mace              |    68 |   132 |   366 |       ||   566
       Headbutt          |    15 |    13 |    89 |    31 ||   148
       Rapier            |       |       |    18 |    17 ||    35
       Flail             |       |       |       |    75 ||    75
Throw: Javelin           |       |    11 |       |       ||    11
Invok: Berserk           |     2 |     3 |     4 |     1 ||    10
       Trog's Hand       |       |     2 |     4 |     1 ||     7
       Brothers in Arms  |       |       |       |     4 ||     4
  Use: Potion            |       |       |     9 |     2 ||    11
       Scroll            |       |       |    10 |     1 ||    11
  Eat: Chunk             |     1 |     8 |    17 |     5 ||    31
Armor: Chain mail        |    35 |    77 |    90 |       ||   202
       Animal skin       |     1 |       |       |       ||     1
       Plate armour      |       |       |   112 |    40 ||   152
Dodge: Dodged            |    28 |    60 |    93 |    10 ||   191
Block: Large shield      |       |       |   204 |    96 ||   300
